cohdb
Replays
Latest Replays
All Replays
Popular Replays
Top Player Replays
Match Explorer
How It Works
Community
CoH3 Stats
Reddit
Sign in to upload your games and track your stats! →
Sign in with Steam
Match 45753546
Unlisted
Match 45753546
Overview
Messages
Build Orders
End
Kradschützen Motorcycle Team
Panzerpioneer Squad
Panzergrenadier Squad
Construct Light Support Kompanie
Assault Grenadier Squad
MG34 Team
Panzerjäger Squad
Construct Mechanized Kompanie
Veteran Squad Leaders
2.5-tonne Medical Truck
Marder III Tank Destroyer
Selects Italian Infantry
Selects Guastatori Squad
Support Armor Elements
Assault Mechanized Group
StuG III D Assault Gun
Selects Registered Artillery
Selects Towed Cannone da 105/28 Field Howitzer
Flakvierling Half-track
Marder III Tank Destroyer
Vehicle Survival Package
Towed Cannone da 105/28 Field Howitzer
Registered Artillery
254 Reconnaissance Tractor
Panzerpioneer Squad
Registered Artillery
Selects Defensive Operations
Selects Prepared Positions
Registered Artillery
Liberator4515
Veni,Vidi,Vici
boraz
TuRBo_PaSCaL
0
0
Comments
sign in to comment!
No comments posted yet!